General information
- name: BNet
- type: Ladder team game (AT/RT)
- host: Battle.net
- saver: OlesnTwinsHPV
map: PhantomGrove
- players: 4
- length: 76:08
- speed: Fast
- version: 1.24 W3XP
- replay type: Public
» download(522 KB)
Players
team 1 (winner)
ILoveToFlip (
blue | 103 APM | 7811 actions | 76:01)
6 Archmage
3 Blizzard
2 Brilliance Aura
1 Mass Teleport
6 Blood Mage
3 Flame Strike
2 Siphon Mana
1 Summon Phoenix
5 Paladin
3 Holy Light
2 Divine Shield
» actions
| Assign group hotkey | 50 | |
| Basic commands | 89 | |
| Build / train | 183 | |
| ESC pressed | 3 | |
| Enter build submenu | 64 | |
| Enter hero's abilities submenu | 18 | |
| Give item / drop item | 11 | |
| Remove unit from queue | 6 | |
| Right click | 4125 | |
| Select / deselect | 1379 | |
| Select group hotkey | 1249 | |
| Use ability | 634 | |
7811 total
» units
| Peasant | 28 | |
| Dragonhawk Rider | 16 | |
| Priest | 9 | |
| Sorceress | 6 | |
| Flying Machine | 4 | |
| Mortar Team | 3 | |
66 total
» upgrades
| Masonry | 3 | |
| Lumber Harvesting | 2 | |
| Backpack | 1 | |
| Magic Sentry | 1 | |
| Sorceress Training | 2 | |
| Priest Training | 2 | |
| Animal War Training | 1 | |
| Armor | 3 | |
| Gunpowder | 3 | |
| Plating | 1 | |
| Flak Cannons | 1 | |
| Fragmentation Shards | 1 | |
| Flare | 1 | |
22 total
» buildings
| Altar of Kings | 2 | |
| Farm | 11 | |
| Scout Tower | 71 | |
| Lumber Mill | 1 | |
| Arcane Tower | 17 | |
| Guard Tower | 28 | |
| Town Hall | 3 | |
| Keep | 1 | |
| Arcane Vault | 2 | |
| Castle | 1 | |
| Arcane Sanctum | 1 | |
| Gryphon Aviary | 1 | |
| Blacksmith | 1 | |
| Barracks | 1 | |
| Workshop | 4 | |
145 total
» build order
00:05 Altar of Kings
00:19 Farm
00:20 Scout Tower
00:27 Lumber Mill
00:48 Arcane Tower
01:20 Farm
02:18 Scout Tower
03:13 Guard Tower
03:32 Scout Tower
03:35 Scout Tower
03:49 Arcane Tower
03:51 Scout Tower
03:57 Scout Tower
04:03 Guard Tower
04:05 Scout Tower
04:06 Scout Tower
04:07 Scout Tower
04:34 Guard Tower
04:54 Guard Tower
05:00 Town Hall
05:02 Guard Tower
05:16 Farm
05:37 Guard Tower
05:48 Scout Tower
05:51 Scout Tower
05:54 Scout Tower
06:27 Guard Tower
06:29 Arcane Tower
06:45 Arcane Tower
06:46 Scout Tower
06:48 Scout Tower
07:10 Scout Tower
07:15 Guard Tower
07:17 Arcane Tower
07:20 Scout Tower
07:21 Scout Tower
07:46 Guard Tower
07:50 Scout Tower
07:50 Scout Tower
07:53 Scout Tower
07:53 Scout Tower
07:58 Guard Tower
07:59 Scout Tower
08:00 Scout Tower
08:02 Scout Tower
08:08 Scout Tower
08:10 Scout Tower
08:11 Scout Tower
08:29 Keep
08:30 Scout Tower
08:32 Scout Tower
08:34 Scout Tower
08:36 Guard Tower
08:45 Scout Tower
09:07 Guard Tower
09:09 Scout Tower
09:10 Scout Tower
09:10 Scout Tower
09:13 Arcane Tower
09:14 Guard Tower
09:24 Arcane Tower
09:25 Arcane Tower
09:26 Scout Tower
09:29 Scout Tower
09:30 Scout Tower
09:56 Guard Tower
10:10 Arcane Vault
10:13 Scout Tower
10:14 Scout Tower
10:15 Scout Tower
10:18 Guard Tower
10:36 Arcane Tower
10:37 Guard Tower
10:41 Guard Tower
10:45 Guard Tower
11:14 Arcane Tower
11:15 Guard Tower
11:50 Arcane Vault
11:56 Castle
12:35 Arcane Sanctum
13:11 Farm
13:14 Scout Tower
13:15 Scout Tower
13:16 Scout Tower
13:17 Scout Tower
13:18 Scout Tower
13:31 Gryphon Aviary
14:40 Guard Tower
15:01 Arcane Tower
15:48 Farm
16:56 Town Hall
17:11 Scout Tower
17:12 Scout Tower
17:22 Blacksmith
17:26 Barracks
17:44 Arcane Tower
17:48 Scout Tower
17:49 Scout Tower
17:49 Scout Tower
17:50 Scout Tower
17:51 Scout Tower
17:52 Scout Tower
18:05 Guard Tower
18:40 Guard Tower
20:10 Arcane Tower
20:11 Arcane Tower
20:12 Guard Tower
27:17 Scout Tower
27:17 Scout Tower
27:18 Scout Tower
27:18 Scout Tower
27:19 Scout Tower
27:20 Scout Tower
27:21 Scout Tower
27:22 Scout Tower
27:23 Scout Tower
27:23 Scout Tower
28:06 Scout Tower
28:07 Scout Tower
28:07 Scout Tower
28:18 Guard Tower
28:23 Arcane Tower
28:36 Arcane Tower
28:39 Arcane Tower
29:12 Guard Tower
29:54 Guard Tower
43:51 Workshop
43:51 Workshop
43:52 Workshop
43:55 Farm
43:56 Farm
43:57 Farm
43:58 Farm
43:58 Farm
44:25 Workshop
44:31 Farm
49:14 Scout Tower
49:15 Scout Tower
49:16 Scout Tower
49:16 Scout Tower
49:17 Scout Tower
49:41 Altar of Kings
49:57 Guard Tower
50:57 Guard Tower
70:26 Town Hall
» items
| Healing Salve | 1 | |
| Scroll of Speed | 1 | |
| Staff of Teleportation | 4 | |
| Boots of Speed | 3 | |
| Potion of Invisibility | 2 | |
| Periapt of Vitality | 1 | |
| Scroll of Healing | 1 | |
| Staff of Sanctuary | 3 | |
| Orb of Lightning | 3 | |
| Lesser Clarity Potion | 2 | |
| Potion of Mana | 1 | |
22 total
OlesnTwinsHPV (
pink | 118 APM | 9013 actions | 76:08)
6 Blademaster
3 Wind Walk
2 Critical Strike
1 Bladestorm
5 Shadow Hunter
2 Hex
3 Healing Wave
5 Dark Ranger
3 Silence
2 Life Drain
» actions
| Assign group hotkey | 84 | |
| Basic commands | 84 | |
| Build / train | 119 | |
| ESC pressed | 12 | |
| Enter build submenu | 82 | |
| Enter hero's abilities submenu | 16 | |
| Give item / drop item | 28 | |
| Remove unit from queue | 1 | |
| Right click | 4711 | |
| Select / deselect | 632 | |
| Select group hotkey | 2626 | |
| Use ability | 616 | |
9013 total
» units
| Peon | 18 | |
| Troll Batrider | 25 | |
| Troll Witch Doctor | 5 | |
| Shaman | 2 | |
50 total
» upgrades
| Spiked Barricades | 2 | |
| Witch Doctor Training | 2 | |
| Reinforced Defenses | 1 | |
| Shaman Training | 2 | |
| Spirit Walker Training | 2 | |
| Liquid Fire | 1 | |
| Envenomed Spears | 0 | |
10 total
» buildings
| Altar of Storms | 2 | |
| Orc Burrow | 7 | |
| Voodoo Lounge | 2 | |
| War Mill | 1 | |
| Watch Tower | 55 | |
| Stronghold | 3 | |
| Fortress | 1 | |
| Beastiary | 1 | |
| Spirit Lodge | 1 | |
| Great Hall | 3 | |
76 total
» build order
00:16 Altar of Storms
00:22 Orc Burrow
00:52 Voodoo Lounge
01:15 War Mill
01:49 Orc Burrow
02:31 Watch Tower
02:52 Watch Tower
03:48 Stronghold
03:49 Stronghold
03:51 Watch Tower
03:55 Watch Tower
04:03 Watch Tower
05:00 Watch Tower
05:01 Watch Tower
06:05 Watch Tower
06:05 Watch Tower
06:49 Fortress
07:12 Beastiary
07:16 Spirit Lodge
08:17 Watch Tower
08:19 Watch Tower
08:19 Watch Tower
09:03 Great Hall
09:27 Orc Burrow
11:54 Watch Tower
14:29 Watch Tower
15:17 Voodoo Lounge
15:40 Watch Tower
16:39 Watch Tower
16:51 Watch Tower
16:51 Watch Tower
16:51 Watch Tower
17:29 Watch Tower
17:29 Watch Tower
17:46 Watch Tower
18:03 Watch Tower
18:47 Watch Tower
18:48 Watch Tower
18:51 Watch Tower
19:05 Watch Tower
20:24 Great Hall
20:27 Watch Tower
20:28 Watch Tower
20:29 Watch Tower
20:30 Watch Tower
20:54 Watch Tower
22:02 Watch Tower
22:04 Watch Tower
27:00 Watch Tower
27:49 Great Hall
27:58 Watch Tower
27:59 Watch Tower
28:04 Watch Tower
28:06 Watch Tower
28:23 Watch Tower
29:16 Watch Tower
29:18 Watch Tower
29:19 Watch Tower
29:22 Watch Tower
29:23 Watch Tower
29:25 Watch Tower
29:25 Watch Tower
30:13 Watch Tower
32:32 Watch Tower
34:04 Watch Tower
34:42 Watch Tower
34:42 Watch Tower
34:43 Watch Tower
34:43 Watch Tower
34:44 Watch Tower
39:04 Orc Burrow
44:04 Orc Burrow
44:55 Orc Burrow
49:19 Altar of Storms
55:11 Orc Burrow
» items
| Healing Salve | 4 | |
| Lesser Clarity Potion | 10 | |
| Boots of Speed | 3 | |
| Staff of Teleportation | 3 | |
| Orb of Lightning | 4 | |
| Scroll of Speed | 1 | |
| Staff of Sanctuary | 3 | |
| Tiny Great Hall | 1 | |
| Potion of Lesser Invulnerability | 2 | |
| Scroll of Town Portal | 2 | |
33 total
team 2 (loser)

»
Skylz-Kazi (
purple | 65 APM | 4915 actions | 75:59)
7 Mountain King
3 Storm Bolt
3 Thunder Clap
1 Avatar
4 Paladin
2 Holy Light
2 Devotion Aura
» actions
| Assign group hotkey | 104 | |
| Basic commands | 95 | |
| Build / train | 180 | |
| ESC pressed | 11 | |
| Enter build submenu | 63 | |
| Enter hero's abilities submenu | 12 | |
| Give item / drop item | 14 | |
| Right click | 2319 | |
| Select / deselect | 1043 | |
| Select group hotkey | 719 | |
| Use ability | 355 | |
4915 total
» units
| Peasant | 56 | |
| Footman | 9 | |
| Siege Engine | 22 | |
| Knight | 3 | |
| Rifleman | 4 | |
| Spell Breaker | 6 | |
100 total
» upgrades
| Defend | 1 | |
| Masonry | 3 | |
| Lumber Harvesting | 2 | |
| Animal War Training | 1 | |
| Gunpowder | 3 | |
| Plating | 3 | |
| Barrage | 1 | |
| Swords | 2 | |
| Long Rifles | 1 | |
| Armor | 1 | |
| Control Magic | 1 | |
| Magic Sentry | 1 | |
20 total
» buildings
| Altar of Kings | 1 | |
| Farm | 12 | |
| Barracks | 2 | |
| Scout Tower | 29 | |
| Arcane Tower | 11 | |
| Keep | 1 | |
| Lumber Mill | 2 | |
| Arcane Vault | 1 | |
| Guard Tower | 10 | |
| Blacksmith | 1 | |
| Town Hall | 4 | |
| Castle | 1 | |
| Workshop | 3 | |
| Cannon Tower | 1 | |
| Arcane Sanctum | 2 | |
81 total
» build order
00:19 Altar of Kings
00:24 Farm
00:34 Barracks
00:49 Farm
01:58 Farm
02:47 Farm
02:50 Farm
02:52 Scout Tower
03:56 Arcane Tower
04:04 Keep
04:14 Lumber Mill
04:32 Farm
04:54 Arcane Vault
05:49 Scout Tower
06:54 Guard Tower
07:28 Blacksmith
08:12 Town Hall
08:18 Guard Tower
08:19 Guard Tower
08:38 Castle
09:14 Farm
09:50 Scout Tower
09:52 Scout Tower
09:54 Scout Tower
10:00 Scout Tower
10:03 Scout Tower
10:07 Scout Tower
11:02 Guard Tower
11:18 Workshop
11:59 Town Hall
12:00 Scout Tower
12:46 Workshop
12:55 Scout Tower
12:56 Scout Tower
12:57 Scout Tower
13:11 Scout Tower
13:12 Scout Tower
13:14 Scout Tower
13:28 Arcane Tower
13:44 Guard Tower
14:19 Guard Tower
14:25 Town Hall
14:27 Scout Tower
14:45 Arcane Tower
14:46 Arcane Tower
15:15 Cannon Tower
15:34 Farm
15:34 Farm
15:37 Farm
16:33 Barracks
19:52 Scout Tower
19:55 Scout Tower
20:04 Scout Tower
21:02 Arcane Tower
21:44 Arcane Tower
21:45 Guard Tower
25:47 Lumber Mill
26:17 Workshop
27:39 Town Hall
27:41 Scout Tower
28:25 Arcane Tower
28:49 Scout Tower
30:11 Scout Tower
30:12 Scout Tower
30:43 Arcane Tower
30:45 Scout Tower
33:06 Arcane Tower
33:15 Scout Tower
33:16 Scout Tower
33:17 Scout Tower
33:17 Scout Tower
33:30 Farm
33:43 Arcane Sanctum
33:48 Arcane Sanctum
34:16 Farm
34:18 Arcane Tower
34:19 Guard Tower
34:19 Guard Tower
34:20 Guard Tower
39:13 Scout Tower
39:52 Arcane Tower
» items
| Scroll of Regeneration | 2 | |
| Lesser Clarity Potion | 6 | |
| Ivory Tower | 3 | |
| Scroll of Town Portal | 5 | |
| Boots of Speed | 2 | |
| Periapt of Vitality | 2 | |
| Staff of Sanctuary | 2 | |
| Orb of Fire | 1 | |
23 total
Snamuh (
red | 214 APM | 16258 actions | 76:01)
7 Archmage
3 Summon Water Elemental
3 Brilliance Aura
1 Mass Teleport
6 Mountain King
3 Storm Bolt
2 Thunder Clap
1 Avatar
6 Paladin
3 Holy Light
2 Divine Shield
1 Resurrection
» actions
| Assign group hotkey | 101 | |
| Basic commands | 169 | |
| Build / train | 134 | |
| ESC pressed | 2 | |
| Enter build submenu | 33 | |
| Enter hero's abilities submenu | 19 | |
| Give item / drop item | 15 | |
| Remove unit from queue | 4 | |
| Right click | 6757 | |
| Select / deselect | 1445 | |
| Select group hotkey | 7233 | |
| Use ability | 346 | |
16258 total
» units
| Peasant | 19 | |
| Footman | 7 | |
| Priest | 2 | |
| Spell Breaker | 13 | |
| Gryphon Rider | 17 | |
| Dragonhawk Rider | 5 | |
63 total
» upgrades
| Priest Training | 2 | |
| Lumber Harvesting | 2 | |
| Masonry | 3 | |
| Storm Hammers | 1 | |
| Swords | 3 | |
| Animal War Training | 1 | |
| Armor | 3 | |
| Control Magic | 1 | |
| Magic Sentry | 1 | |
| Plating | 1 | |
| Cloud | 1 | |
19 total
» buildings
| Altar of Kings | 1 | |
| Barracks | 1 | |
| Farm | 9 | |
| Scout Tower | 9 | |
| Arcane Tower | 1 | |
| Keep | 3 | |
| Arcane Vault | 1 | |
| Arcane Sanctum | 2 | |
| Lumber Mill | 1 | |
| Town Hall | 2 | |
| Guard Tower | 7 | |
| Castle | 1 | |
| Gryphon Aviary | 2 | |
| Blacksmith | 1 | |
41 total
» build order
00:10 Altar of Kings
00:20 Barracks
00:35 Farm
01:05 Farm
01:44 Farm
01:49 Scout Tower
02:19 Arcane Tower
03:02 Keep
03:02 Keep
03:02 Keep
04:08 Arcane Vault
04:13 Farm
04:31 Farm
05:47 Arcane Sanctum
05:51 Arcane Sanctum
06:25 Farm
07:56 Scout Tower
08:31 Lumber Mill
08:35 Farm
08:47 Town Hall
09:49 Guard Tower
09:51 Scout Tower
09:52 Scout Tower
09:53 Scout Tower
10:18 Guard Tower
10:26 Guard Tower
10:31 Scout Tower
10:35 Scout Tower
11:01 Guard Tower
11:15 Guard Tower
11:17 Scout Tower
11:51 Guard Tower
11:53 Castle
13:09 Gryphon Aviary
13:16 Gryphon Aviary
14:27 Town Hall
14:52 Farm
15:10 Blacksmith
18:07 Scout Tower
18:39 Guard Tower
20:59 Farm
» items
| Dust of Appearance | 2 | |
| Scroll of Town Portal | 1 | |
| Staff of Sanctuary | 2 | |
| Potion of Lesser Invulnerability | 1 | |
| Boots of Speed | 1 | |
| Scroll of Healing | 4 | |
| Scroll of Protection | 1 | |
| Potion of Healing | 1 | |
13 total
Chat log
(01:04 / All) Skylz-Kazi: gl
(01:23 / All) OlesnTwinsHPV: Hey
(01:24 / All) OlesnTwinsHPV: GL hF
(01:27 / All) Snamuh: gl
(33:04 / All) OlesnTwinsHPV: Are u guys chinks
(62:02 / All) Skylz-Kazi: u guys gonna sit there all night?
(62:06 / All) OlesnTwinsHPV: ye
(62:09 / All) OlesnTwinsHPV: im watching my dog
(62:17 / All) OlesnTwinsHPV: got raped by a car ealier 2day
(62:20 / All) ILoveToFlip: im growing my beard
(62:25 / All) ILoveToFlip: it grows faster if im awake
(67:50 / Allies) ILoveToFlip: quin??
(72:17 / All) Skylz-Kazi: im just DLing porn
(72:19 / All) OlesnTwinsHPV: kk
(74:43 / All) OlesnTwinsHPV: Noob